 Dungeon Crawl Stone Soup version 0.32-a0-913-g739538afd8 (webtiles) character file.

Game seed: 13168221953137363229

46 bjtr the Sneak (level 3, -3/16 HPs)
             Began as a Vine Stalker Enchanter on Apr 10, 2024.
             Slain by Terence
             ... wielding a +3 falchion of holy wrath
              (8 damage)
             ... on level 2 of the Dungeon.
             The game lasted 00:06:06 (1072 turns).

bjtr the Sneak (Vine Stalker Enchanter)             Turns: 1072, Time: 00:06:08

Health: -3/16      AC:  4    Str: 10    XL:     3   Next: 68%
Magic:  0/7        EV: 11    Int: 19    God:
Gold:   76         SH:  0    Dex: 14    Spells: 6/6 levels left

rFire   + + +        q - +8 whip "Ysextata" {spect, rElec rF+++ rC- Int+2}
rCold   x . .        (no shield)
rNeg    . . .        b - +0 robe
rPois   .            n - +1 hat
rElec   +            (no cloak)
rCorr   .            (no gloves)
SInv    .            j - +0 pair of boots
Will    .....        (no amulet)
Stlth   +++          e - ring of flight
HPRegen 1.02/turn    (no ring)
MPRegen 0.10/turn

%: guardian spirit
@: flying
A: fangs 2, regeneration 1, magic shield, antimagic bite, no potion heal 2
a: no special abilities


You were on level 2 of the Dungeon.
You visited 1 branch of the dungeon, and saw 2 of its levels.

You collected 76 gold pieces.

Inventory:

Hand Weapons
 a - a +1 dagger
 d - a +0 falchion
 f - a +0 short sword
 q - the +8 whip "Ysextata" (weapon) {spect, rElec rF+++ rC- Int+2}
   (You found it on level 2 of the Dungeon)

   Int+2:     It affects your intelligence (+2).
   rF+++:     It renders you almost immune to fire.
   rC-:       It makes you vulnerable to cold.
   rElec:     It insulates you from electricity.
Armour
 b - a +0 robe (worn)
 j - a +0 pair of boots (worn)
 n - a +1 hat (worn)
Magical Staves
 k - a staff of earth
Jewellery
 e - a ring of flight (left hand)
Scrolls
 g - 2 scrolls of fear {unknown}
 l - a scroll of teleportation {unknown}
 m - a scroll of noise {unknown}
 o - a scroll of identify {unknown}
 p - a scroll of revelation {unknown}
 r - a scroll of enchant weapon {unknown}
 s - a scroll of silence {unknown}
 t - a scroll of poison {unknown}
Potions
 c - 2 potions of invisibility
 h - a potion of enlightenment {unknown}
 i - a potion of curing {unknown}


   Skills:
 - Level 1.1 Short Blades
 * Level 0.2 Maces & Flails
 + Level 1.6 Dodging
 + Level 4.0 Stealth
 + Level 2.2 Spellcasting
 * Level 1.5 Conjurations
 + Level 3.6 Hexes
 * Level 0.2 Fire Magic


You had 6 spell levels left.
You didn't know any spells.
Your spell library contained the following spells:

 Spells                   Type           Power      Damage    Failure   Level
 Confusing Touch          Hex            15%        N/A       11%         3
 Tukima's Dance           Hex            15%        N/A       11%         3
 Ensorcelled Hibernation  Hex/Ice        18%        N/A       12%         2
 Dazzling Flash           Conj/Hex       22%        N/A       17%         3


Dungeon Overview and Level Annotations

Branches:
Dungeon (2/15)

Altars:
Fedhas

Annotations:
D:2 Terence


Innate Abilities, Weirdness & Mutations

You have extremely sharp teeth.
Your natural rate of healing is unusually fast.
When hurt, damage is shared between your health and your magic reserves.
Your bite disrupts and absorbs the magic of your enemies.
Potions cannot restore your health.


Message History

You kill the bat!
Your +8 whip "Ysextata" {spect, rElec rF+++ rC- Int+2} disappears.
You see here a bat corpse.
Terence is nearby!
Terence hits you with a +3 falchion of holy wrath!
You closely miss Terence. You bite Terence. You drain his power.
You feel invigorated.
Terence is lightly wounded.
Your +8 whip "Ysextata" {spect, rElec rF+++ rC- Int+2} hits Terence but does no damage.
Terence hits you with a +3 falchion of holy wrath.
You barely miss Terence.
Terence is lightly wounded.
Your +8 whip "Ysextata" {spect, rElec rF+++ rC- Int+2} closely misses Terence.
Terence hits you with a +3 falchion of holy wrath.
You hit Terence but do no damage. Your bite misses Terence.
Terence is lightly wounded.
Your +8 whip "Ysextata" {spect, rElec rF+++ rC- Int+2} hits Terence but does no damage.
Terence hits you with a +3 falchion of holy wrath!
* * * LOW HITPOINT WARNING * * *
Your +8 whip "Ysextata" {spect, rElec rF+++ rC- Int+2} disappears.
You hit Terence but do no damage.
Terence is lightly wounded.
Your +8 whip "Ysextata" {spect, rElec rF+++ rC- Int+2} hits Terence.
Terence barely misses you.
You hit Terence but do no damage. Your bite misses Terence.
Terence is moderately wounded.
Your +8 whip "Ysextata" {spect, rElec rF+++ rC- Int+2} hits Terence.
Terence barely misses you.
You closely miss Terence. You bite Terence, but do no damage.
Terence is heavily wounded.
Your +8 whip "Ysextata" {spect, rElec rF+++ rC- Int+2} hits Terence.
Terence completely misses your +8 whip "Ysextata" {spect, rElec rF+++ rC- Int+2}.
You hit Terence but do no damage.
Terence is severely wounded.
Your +8 whip "Ysextata" {spect, rElec rF+++ rC- Int+2} hits Terence but does no damage.
Terence hits you with a +3 falchion of holy wrath.
Terence hits you with a +3 falchion of holy wrath!
Ouch! That really hurt!
You die...
Terence says, "Time to find some more victims."

# #.####..#
#..# # # #..#
#..# # #..#
#..# # ...# #..
# #...# #.# #
..... #.#### #
......
##.##.###
#..(....##
+.@@....(#
#.....†.##
#####.#.# ###.#
#.# #+# #.#
#.###########.#
#..........##.#
##..#
#####.##.#


You could see Terence and a friendly +8 whip "Ysextata" {spect, rElec rF+++ rC-
Int+2}.

Vanquished Creatures
  An adder (D:2)
  2 dart slugs (D:1)
  3 endoplasms
  2 giant cockroaches (D:1)
  3 goblins
  2 hobgoblins (D:2)
  2 jackals (D:1)
  2 quokkas (D:2)
  4 ball pythons
  3 bats (D:2)
  A frilled lizard (D:1)
  3 kobolds
  5 rats
33 creatures vanquished.

Notes
Turn   | Place    | Note
-------+----------+-------------------------------------------
     0 | D:1      | bjtr the Vine Stalker Enchanter began the quest for the
                  | Orb.
     0 | D:1      | Reached XP level 1. HP: 9/9 MP: 4/4
   197 | D:1      | Reached XP level 2. HP: 13/13 MP: 6/6
   267 | D:1      | You are sucked into a shaft and drop 1 floor!
   301 | D:2      | Reached skill level 1 in Short Blades
   530 | D:2      | Reached skill level 1 in Conjurations
   530 | D:2      | Reached XP level 3. HP: 16/16 MP: 5/7
   584 | D:2      | Identified the +8 whip "Ysextata" {spect, rElec rF+++ rC-
                  | Int+2}
   716 | D:2      | Found a blossoming altar of Fedhas.
   749 | D:2      | Noticed Terence
   849 | D:1      | Reached skill level 4 in Stealth
  1072 | D:2      | Slain by Terence

Illustrated notes

Levels and vault maps discovered:
D:1:      erik_arrival_triangle_large, layout_rooms, minmay_cupped
D:2:      minmay_recursive_quarters, layout_loops_corners, basic_altar,
          uniq_terence

Skill      XL: |  1  2  3 |
---------------+----------+-----
Short Blades   | 1 |  1.1
Conjurations   | 1 |  1.5
Stealth        | 4 |  4.0
Maces & Flails | |  0.2
Dodging        | |  1.6
Spellcasting   | |  2.2
Hexes          | |  3.6
Fire Magic     | |  0.2

Action                     || total
---------------------------++-------
  Melee: Dagger            ||    58
         Bite              ||    24
         Whip              ||    27
   Stab: Sleeping          ||     3
 Armour: Robe              ||    42
  Dodge: Dodged            ||    40

Table legend: (Time is in decaauts)
 A = Elapsed time spent in this place.
 B = Non-inter-level travel time spent in this place.
 C = Inter-level travel time spent in this place.
 D = Time resting spent in this place.
 E = Time spent auto-exploring this place.
 F = Levels seen in this place.
 G = Mean time per level.
                   A        B        C        D        E       F      G
               +--------+--------+--------+--------+--------+-----+--------+
         Total |   1070 |   1048 |     22 |      0 |    676 |   2 |  535.0 |
       Dungeon |   1070 |   1048 |     22 |      0 |    676 |   2 |  535.0 |
               +--------+--------+--------+--------+--------+-----+--------+

Top non-repeatable levels by time:
     D:2: 546 daAuts
     D:1: 523 daAuts
